TOP OF THE 1ST |
Boise Hawks batting - Pitching for Brooklyn Cyclones : RHP Adrian Colorado
|
Pitching: RHP Adrian Colorado
|
|
Batting: LHB Freddy Troncoso
|
0-0: Called Strike 0-1: Ball 1-1: Ball 2-1: Ground out U3 (Groundball, 3, EV 78.8 MPH)
|
Batting: SHB Jamie Locke
|
0-0: Ball 1-0: Ball 2-0: Fly out, F7 (Line Drive, 78M, EV 91.2 MPH)
|
Batting: SHB Andy Vivas
|
0-0: Fly out, F7 (Flyball, 78M, EV 78.8 MPH)
|
Top of the 1st over - 0 runs, 0 hits, 0 errors, 0 left on base; Boise 0 - Brooklyn 0 |
BOTTOM OF THE 1ST |
Brooklyn Cyclones batting - Pitching for Boise Hawks : RHP Clay Redman
|
Pitching: RHP Clay Redman
|
|
Batting: RHB Darwin Mills
|
0-0: Called Strike 0-1: Foul Ball, location: 2F 0-2: Ball 1-2: Foul Ball, location: 2F 1-2: Reached on error, E5 (Groundball, 5S, EV 86.9 MPH)
|
Batting: SHB Harrison Feist
|
0-0: Called Strike 0-1: Called Strike 0-2: Ball 1-2: Ball 2-2: Foul Ball, location: 2F 2-2: Ball 3-2: Strikes out swinging
|
Batting: RHB Mike Mathews
|
0-0: Called Strike 0-1: Ball 1-1: DOUBLE (Line Drive, 89D, EV 104.4 MPH) Darwin Mills to third
|
Batting: RHB Matt Tittle
|
0-0: Ball 1-0: Ball 2-0: DOUBLE (Flyball, 8RXD, EV 105.0 MPH) Darwin Mills scores Mike Mathews scores
|
Batting: RHB Mike Patterson
|
0-0: Called Strike 0-1: Ball 1-1: Swinging Strike 1-2: Strikes out swinging
|
Batting: LHB Ryan Stegall
|
0-0: Called Strike 0-1: Ball 1-1: Foul Ball, location: 2F 1-2: Strikes out looking
|
Bottom of the 1st over - 2 runs, 2 hits, 1 error, 1 left on base; Boise 0 - Brooklyn 2 |
TOP OF THE 2ND |
Boise Hawks batting - Pitching for Brooklyn Cyclones : RHP Adrian Colorado
|
Batting: LHB Steve Gilliam
|
0-0: Foul Ball, location: 2F 0-1: SINGLE (Groundball, 4M, EV 83.8 MPH) (infield hit)
|
Batting: RHB Tyler Stebbins
|
0-0: Ball Steve Gilliam steals 2nd base (no throw) 1-0: DOUBLE (Groundball, 5L, EV 98.8 MPH) Steve Gilliam scores
|
Batting: LHB Jeremy Brammer
|
0-0: Foul Ball, location: 2F 0-1: Ground out 6-3 (Groundball, 6, EV 98.8 MPH)
|
Batting: LHB Joe Miller
|
0-0: Ball 1-0: Ground out 4-3 (Groundball, 4, EV 80.6 MPH) Tyler Stebbins to third
|
Batting: RHB Haykuhi Kagramanian
|
0-0: Ball 1-0: Called Strike 1-1: Foul Ball, location: 2F 1-2: Ball 2-2: Ground out 5-3 (Groundball, 56, EV 101.2 MPH)
|
Top of the 2nd over - 1 run, 2 hits, 0 errors, 1 left on base; Boise 1 - Brooklyn 2 |
BOTTOM OF THE 2ND |
Brooklyn Cyclones batting - Pitching for Boise Hawks : RHP Clay Redman
|
Batting: RHB Brad Brown
|
0-0: Called Strike 0-1: Ball 1-1: Called Strike 1-2: Strikes out swinging
|
Batting: RHB Tyler Lybrand
|
0-0: Ball 1-0: Foul Ball, location: 2F 1-1: Called Strike 1-2: Strikes out swinging
|
Batting: RHB Barney Pederson
|
0-0: Called Strike 0-1: Foul Ball, location: 2F 0-2: Strikes out swinging
|
Bottom of the 2nd over - 0 runs, 0 hits, 0 errors, 0 left on base; Boise 1 - Brooklyn 2 |
TOP OF THE 3RD |
Boise Hawks batting - Pitching for Brooklyn Cyclones : RHP Adrian Colorado
|
Batting: RHB Manny Thompson
|
0-0: Called Strike 0-1: Swinging Strike 0-2: Strikes out looking
|
Batting: LHB Freddy Troncoso
|
0-0: Called Strike 0-1: Ball 1-1: Foul Ball, location: 2F 1-2: Ball 2-2: Ground out 4-3 (Groundball, 4, EV 90.0 MPH)
|
Batting: SHB Jamie Locke
|
0-0: Fly out, F9 (Flyball, 89M, EV 91.9 MPH)
|
Top of the 3rd over - 0 runs, 0 hits, 0 errors, 0 left on base; Boise 1 - Brooklyn 2 |
BOTTOM OF THE 3RD |
Brooklyn Cyclones batting - Pitching for Boise Hawks : RHP Clay Redman
|
Batting: RHB Darwin Mills
|
0-0: Called Strike 0-1: Ball 1-1: Called Strike 1-2: Strikes out swinging
|
Batting: SHB Harrison Feist
|
0-0: Called Strike 0-1: Ball 1-1: Called Strike 1-2: Ball 2-2: Ball 3-2: Base on Balls
|
Batting: RHB Mike Mathews
|
0-0: Called Strike 0-1: Foul Ball, location: 2F 0-2: Ball 1-2: Strikes out swinging
|
Batting: RHB Matt Tittle
|
0-0: Ball 1-0: Ball 2-0: Ball 3-0: Base on Balls Harrison Feist to second
|
Batting: RHB Mike Patterson
|
0-0: Foul Ball, location: 2F 0-1: Ball 1-1: Foul Ball, location: 2F 1-2: Foul Ball, location: 2F 1-2: Ball 2-2: Strikes out swinging
|
Bottom of the 3rd over - 0 runs, 0 hits, 0 errors, 2 left on base; Boise 1 - Brooklyn 2 |
TOP OF THE 4TH |
Boise Hawks batting - Pitching for Brooklyn Cyclones : RHP Adrian Colorado
|
Batting: SHB Andy Vivas
|
0-0: Ball 1-0: Ball 2-0: Ball 3-0: Called Strike 3-1: Fly out, F9 (Flyball, 9D, EV 91.2 MPH)
|
Batting: LHB Steve Gilliam
|
0-0: Called Strike 0-1: Swinging Strike 0-2: Ball 1-2: Foul Ball, location: 2F 1-2: Ball 2-2: Foul Ball, location: 2F 2-2: Ball 3-2: Base on Balls
|
Batting: RHB Tyler Stebbins
|
0-0: Called Strike Steve Gilliam is caught stealing 2nd base 2-4 0-1: Ball 1-1: Called Strike 1-2: Foul Ball, location: 2F 1-2: Ball 2-2: Ball 3-2: Ground out 6-3 (Groundball, 6S, EV 81.2 MPH)
|
Top of the 4th over - 0 runs, 0 hits, 0 errors, 0 left on base; Boise 1 - Brooklyn 2 |
BOTTOM OF THE 4TH |
Brooklyn Cyclones batting - Pitching for Boise Hawks : RHP Clay Redman
|
Batting: LHB Ryan Stegall
|
0-0: Called Strike 0-1: Fly out, F5 (Flyball, 5D, EV 85.6 MPH)
|
Batting: RHB Brad Brown
|
0-0: Called Strike 0-1: Swinging Strike 0-2: Strikes out swinging
|
Batting: RHB Tyler Lybrand
|
0-0: Foul Ball, location: 2F 0-1: Ball 1-1: Ball 2-1: Called Strike 2-2: Strikes out looking
|
Bottom of the 4th over - 0 runs, 0 hits, 0 errors, 0 left on base; Boise 1 - Brooklyn 2 |
TOP OF THE 5TH |
Boise Hawks batting - Pitching for Brooklyn Cyclones : RHP Adrian Colorado
|
Batting: LHB Jeremy Brammer
|
0-0: Called Strike 0-1: Ball 1-1: Foul Ball, location: 2F 1-2: Ball 2-2: Foul Ball, location: 2F 2-2: Ball 3-2: Fly out, F9 (Line Drive, 9, EV 95.6 MPH)
|
Batting: LHB Joe Miller
|
0-0: Foul Ball, location: 2F 0-1: Ball 1-1: SINGLE (Groundball, 4MD, EV 108.1 MPH)
|
Batting: RHB Haykuhi Kagramanian
|
0-0: Ball 1-0: Called Strike 1-1: Ball Wild Pitch! Joe Miller to second 2-1: Swinging Strike 2-2: Fly out, F5 (Popup, 25F, EV 84.4 MPH)
|
Batting: RHB Manny Thompson
|
0-0: Foul Ball, location: 2F 0-1: Ball 1-1: Ball 2-1: Swinging Strike 2-2: Strikes out swinging
|
Top of the 5th over - 0 runs, 1 hit, 0 errors, 1 left on base; Boise 1 - Brooklyn 2 |
BOTTOM OF THE 5TH |
Brooklyn Cyclones batting - Pitching for Boise Hawks : RHP Clay Redman
|
Batting: RHB Barney Pederson
|
0-0: Ball 1-0: Foul Ball, location: 2F 1-1: Ball 2-1: Ball 3-1: Ground out 6-3 (Groundball, 6S, EV 82.5 MPH)
|
Batting: RHB Darwin Mills
|
0-0: Ball 1-0: Ball 2-0: Called Strike 2-1: Swinging Strike 2-2: Strikes out swinging
|
Batting: SHB Harrison Feist
|
0-0: Called Strike 0-1: Ball 1-1: Ball 2-1: Swinging Strike 2-2: Strikes out swinging
|
Bottom of the 5th over - 0 runs, 0 hits, 0 errors, 0 left on base; Boise 1 - Brooklyn 2 |
TOP OF THE 6TH |
Boise Hawks batting - Pitching for Brooklyn Cyclones : RHP Adrian Colorado
|
Batting: LHB Freddy Troncoso
|
0-0: Ball 1-0: Ball 2-0: Ball 3-0: Called Strike 3-1: Called Strike 3-2: Base on Balls
|
Batting: SHB Jamie Locke
|
0-0: Ball 1-0: SINGLE (Groundball, 15S, EV 74.4 MPH) (infield hit) Freddy Troncoso to second
|
Batting: SHB Andy Vivas
|
0-0: Called Strike 0-1: Ball 1-1: Ball 2-1: Fly out, F7 (Flyball, 7D, EV 81.9 MPH) Runner from 2nd tags up, SAFE at 3rd, no throw by LF
|
Batting: LHB Steve Gilliam
|
Balk! Freddy Troncoso scores Jamie Locke to second 0-0: Ball 1-0: Foul Ball, location: 2F 1-1: Foul Ball, location: 2F 1-2: Ball 2-2: Ground out 6-3 (Groundball, P, EV 85.0 MPH) Jamie Locke to third
|
Batting: RHB Tyler Stebbins
|
0-0: Ball 1-0: Called Strike 1-1: Ball 2-1: Foul Ball, location: 2F 2-2: Ball 3-2: Strikes out swinging
|
Top of the 6th over - 1 run, 1 hit, 0 errors, 1 left on base; Boise 2 - Brooklyn 2 |
BOTTOM OF THE 6TH |
Brooklyn Cyclones batting - Pitching for Boise Hawks : RHP Clay Redman
|
Pitching: RHP Davon Ware
|
|
Batting: RHB Mike Mathews
|
0-0: Ground out 5-3 (Groundball, 56S, EV 82.5 MPH)
|
Batting: RHB Matt Tittle
|
0-0: Ball 1-0: Called Strike 1-1: Called Strike 1-2: Foul Ball, location: 2F 1-2: Ball 2-2: Foul Ball, location: 2F 2-2: SINGLE (Flyball, 6D, EV 90.0 MPH)
|
Batting: RHB Mike Patterson
|
0-0: Called Strike 0-1: Ball 1-1: Swinging Strike 1-2: Strikes out swinging
|
Batting: LHB Ryan Stegall
|
0-0: Ball 1-0: Ball Wild Pitch! Matt Tittle to second 2-0: Ball 3-0: Called Strike 3-1: Base on Balls
|
Batting: RHB Brad Brown
|
0-0: Foul Ball, location: 2F 0-1: Foul Ball, location: 2F 0-2: Foul Ball, location: 2F 0-2: Ball 1-2: Strikes out swinging
|
Bottom of the 6th over - 0 runs, 1 hit, 0 errors, 2 left on base; Boise 2 - Brooklyn 2 |
TOP OF THE 7TH |
Boise Hawks batting - Pitching for Brooklyn Cyclones : RHP Adrian Colorado
|
Batting: LHB Jeremy Brammer
|
0-0: Ball 1-0: Swinging Strike 1-1: Called Strike 1-2: Foul Ball, location: 2F 1-2: Strikes out swinging
|
Batting: LHB Joe Miller
|
0-0: Called Strike 0-1: Ball 1-1: Called Strike 1-2: Foul Ball, location: 2F 1-2: Foul Ball, location: 2F 1-2: Ball 2-2: DOUBLE (Line Drive, 78M, EV 101.9 MPH)
|
Pitching: RHP Marvin Merino
|
|
Batting: RHB Haykuhi Kagramanian
|
0-0: Ground out U3 (Groundball, 13, EV 85.6 MPH) Joe Miller to third
|
Batting: RHB Manny Thompson
|
0-0: Called Strike 0-1: Swinging Strike 0-2: Ball 1-2: Strikes out looking
|
Top of the 7th over - 0 runs, 1 hit, 0 errors, 1 left on base; Boise 2 - Brooklyn 2 |
BOTTOM OF THE 7TH |
Brooklyn Cyclones batting - Pitching for Boise Hawks : RHP Davon Ware
|
Batting: RHB Tyler Lybrand
|
0-0: Ball 1-0: Ball 2-0: Swinging Strike 2-1: Ball 3-1: Foul Ball, location: 2F 3-2: Foul Ball, location: 2F 3-2: Strikes out swinging
|
Batting: RHB Barney Pederson
|
0-0: Ball 1-0: Ball 2-0: Foul Ball, location: 2F 2-1: Called Strike 2-2: Strikes out swinging
|
Batting: RHB Darwin Mills
|
0-0: Called Strike 0-1: Swinging Strike 0-2: Strikes out swinging
|
Bottom of the 7th over - 0 runs, 0 hits, 0 errors, 0 left on base; Boise 2 - Brooklyn 2 |
TOP OF THE 8TH |
Boise Hawks batting - Pitching for Brooklyn Cyclones : RHP Marvin Merino
|
Batting: LHB Freddy Troncoso
|
0-0: Ball 1-0: Called Strike 1-1: Ball 2-1: Ball 3-1: Base on Balls
|
Batting: SHB Jamie Locke
|
0-0: Ball Freddy Troncoso steals 2nd base 1-0: Reached via error on a dropped throw from 1B, E1 (Groundball, 34S, EV 80.0 MPH) Freddy Troncoso to third
|
Batting: SHB Andy Vivas
|
0-0: Ball 1-0: Called Strike 1-1: Ball 2-1: Foul Ball, location: 2F 2-2: Ball 3-2: Base on Balls Jamie Locke to second
|
Batting: LHB Steve Gilliam
|
0-0: Called Strike 0-1: Foul Ball, location: 2F 0-2: Ball 1-2: Fly out, F8 (Flyball, 8LD, EV 95.6 MPH) Runner from 3rd tags up, SCORES, no throw by CF
|
Pitching: RHP Danny Helm
|
|
Batting: RHB Tyler Stebbins
|
0-0: Ball 1-0: Ball 2-0: Ball 3-0: Called Strike 3-1: Called Strike 3-2: Base on Balls Jamie Locke to third Andy Vivas to second
|
Batting: LHB Jeremy Brammer
|
0-0: Ball 1-0: Grounds into fielders choice 6-2 (Groundball, 6, EV 103.8 MPH) Andy Vivas to third Tyler Stebbins to second
|
Batting: LHB Joe Miller
|
0-0: Ground out U3 (Groundball, 34, EV 103.8 MPH)
|
Top of the 8th over - 1 run, 0 hits, 1 error, 3 left on base; Boise 3 - Brooklyn 2 |
BOTTOM OF THE 8TH |
Brooklyn Cyclones batting - Pitching for Boise Hawks : RHP Davon Ware
|
Pitching: LHP Rich Byrd
|
|
Batting: SHB Harrison Feist
|
0-0: Called Strike 0-1: Foul Ball, location: 2F 0-2: Hit by Pitch
|
Batting: RHB Mike Mathews
|
0-0: SINGLE (Line Drive, 7S, EV 99.4 MPH) Harrison Feist to second
|
Batting: RHB Matt Tittle
|
0-0: Called Strike 0-1: Foul Ball, location: 2F 0-2: Ball 1-2: Foul Ball, location: 2F 1-2: Strikes out swinging
|
Batting: RHB Mike Patterson
|
0-0: Swinging Strike 0-1: Foul Ball, location: 2F 0-2: Ball 1-2: Foul Ball, location: 2F 1-2: Foul Ball, location: 2F 1-2: Ball 2-2: Strikes out swinging
|
Batting: LHB Ryan Stegall
|
0-0: Ball 1-0: Called Strike 1-1: Foul Ball, location: 2F 1-2: Ball 2-2: Foul Ball, location: 2F 2-2: Strikes out looking
|
Bottom of the 8th over - 0 runs, 1 hit, 0 errors, 2 left on base; Boise 3 - Brooklyn 2 |
TOP OF THE 9TH |
Boise Hawks batting - Pitching for Brooklyn Cyclones : RHP Danny Helm
|
Batting: RHB Haykuhi Kagramanian
|
0-0: Ball 1-0: Ball 2-0: Ball 3-0: Base on Balls
|
Batting: RHB Manny Thompson
|
0-0: Called Strike Haykuhi Kagramanian steals 2nd base 0-1: Called Strike 0-2: Ball 1-2: SINGLE (Line Drive, 9S, EV 104.4 MPH) Haykuhi Kagramanian to third
|
Batting: LHB Freddy Troncoso
|
0-0: Called Strike 0-1: Ball 1-1: Ball 2-1: Called Strike 2-2: Foul Ball, location: 2F 2-2: Foul Ball, location: 2F 2-2: Ball 3-2: Foul Ball, location: 2F 3-2: Base on Balls Manny Thompson to second
|
Batting: SHB Jamie Locke
|
0-0: Grounds into double play, 5-2-3 (Groundball, 56S, EV 68.1 MPH) Manny Thompson to third Freddy Troncoso to second
|
Batting: SHB Andy Vivas
|
0-0: Ball 1-0: Swinging Strike 1-1: Ball 2-1: Ball 3-1: Base on Balls
|
Batting: LHB Steve Gilliam
|
0-0: Ball 1-0: Called Strike 1-1: Ball 2-1: Ball 3-1: Base on Balls Manny Thompson scores Freddy Troncoso to third Andy Vivas to second
|
Batting: RHB Tyler Stebbins
|
0-0: Ball 1-0: Ball 2-0: Ball 3-0: Called Strike 3-1: Base on Balls Freddy Troncoso scores Andy Vivas to third Steve Gilliam to second
|
Batting: LHB Jeremy Brammer
|
0-0: Ball 1-0: Foul Ball, location: 2F 1-1: Swinging Strike 1-2: Ball 2-2: Hit by Pitch Andy Vivas scores Steve Gilliam to third Tyler Stebbins to second
|
Batting: LHB Joe Miller
|
0-0: Ball 1-0: Called Strike 1-1: Swinging Strike 1-2: Strikes out swinging
|
Top of the 9th over - 3 runs, 1 hit, 0 errors, 3 left on base; Boise 6 - Brooklyn 2 |
BOTTOM OF THE 9TH |
Brooklyn Cyclones batting - Pitching for Boise Hawks : LHP Rich Byrd
|
Pitching: RHP Jim Micaletti
|
|
Batting: RHB Brad Brown
|
0-0: Ball 1-0: Swinging Strike 1-1: Ball 2-1: Foul Ball, location: 2F 2-2: Foul Ball, location: 2F 2-2: Strikes out swinging
|
Batting: RHB Tyler Lybrand
|
0-0: Swinging Strike 0-1: Swinging Strike 0-2: Ball 1-2: Strikes out looking
|
Batting: RHB Barney Pederson
|
0-0: Swinging Strike 0-1: Called Strike 0-2: Ball 1-2: Strikes out swinging, 2-3 out at first.
|
Bottom of the 9th over - 0 runs, 0 hits, 0 errors, 0 left on base; Boise 6 - Brooklyn 2 |
|